Map: King Sejong Station LE

Players

ThisGameSuck

  • Race: Protoss Protoss
  • League: Grandmaster

Stephano - Winner!

  • Race: Zerg Zerg
  • League: Grandmaster

VOD

Have the link to the VOD?

Description

Time

  • Played on: June 30, 2016, 9:22 a.m.
  • Length: 9:36
Show
View Real Time Build Order
Export as new Build Order

ThisGameSuck Protoss 

Build Orders: 1 Gate Expand 

Get SALT Encoding   

  12  0:01  Probe (Chrono Boost)  
  13  0:11  Probe (Chrono Boost)  
  14  0:19  Pylon  
  14  0:23  Probe (Chrono Boost)  
  15  0:38  Gateway, Probe (Chrono Boost)  
  16  0:48  Probe (Chrono Boost)  
  17  0:50  Assimilator  
  17  0:59  Probe (Chrono Boost)  
  18  1:09  Probe (Chrono Boost)  
  19  1:20  Probe (Chrono Boost)  
  20  1:26  Nexus  
  20  1:35  Cybernetics Core  
  20  1:37  Probe (Chrono Boost)  
  21  1:46  Assimilator  
  21  1:48  Probe (Chrono Boost)  
  22  1:54  Pylon  
  22  1:58  Probe (Chrono Boost)  
  23  2:12  Adept (Chrono Boost), Warp Gate, Probe (Chrono Boost)  
  26  2:24  Probe (Chrono Boost)  
  26  2:27  Twilight Council  
  27  2:36  Probe (Chrono Boost)  
  28  2:37  Adept  
  28  2:39  Probe (Chrono Boost)  
  31  2:46  Probe (Chrono Boost)  
  31  2:50  Probe (Chrono Boost)  
  33  2:57  Probe (Chrono Boost)  
  34  3:01  Gateway, Mothership Core (Chrono Boost)  
  34  3:03  Resonating Glaives (Chrono Boost)  
  36  3:07  Probe (Chrono Boost)  
  37  3:18  Probe (Chrono Boost)  
  37  3:19  Gateway  
  38  3:21  Probe  
  39  3:29  Probe  
  39  3:30  Robotics Facility  
  39  3:33  Probe  
  39  3:34  Adept  
  43  3:41  Probe  
  43  3:44  Pylon, Probe  
  45  3:54  Probe  
  46  4:01  Probe  
  47  4:06  Probe  
  47  4:08  Nexus  
  48  4:12  Pylon, Probe  
  49  4:17  Observer (Chrono Boost)  
  49  4:18  Probe  
  49  4:23  Pylon  
  51  4:25  Probe  
  51  4:30  Adept x2  
  51  4:31  Adept  
  58  4:36  Warp Prism (Chrono Boost), Probe  
  58  4:38  Assimilator, Probe  
  62  4:48  Probe  
  62  4:50  Probe  
  62  4:52  Assimilator  
  64  4:56  Pylon  
  64  4:59  Adept x2  
  68  5:00  Probe  
  68  5:02  Probe  
  70  5:10  Blink  
  70  5:14  Forge, Probe x2  
  72  5:20  Probe  
  72  5:24  Immortal (Chrono Boost)  
  72  5:26  Sentry, Probe x2  
  72  5:27  Sentry  
  83  5:31  Probe  
  84  5:38  Probe x2  
  84  5:42  Probe  
  86  5:45  Robotics Facility  
  87  5:50  Probe x2  
  83  6:01  Pylon  
  75  6:04  Sentry  
  72  6:17  Nexus, Pylon  
  68  6:18  Pylon  
  68  6:21  Probe  
  68  6:24  Immortal (Chrono Boost)  
  69  6:28  Pylon  
  69  6:29  Pylon  
  69  6:36  Adept  
  69  6:37  Adept  
  69  6:39  Probe  
  78  6:40  Probe  
  78  6:43  Adept, Immortal (Chrono Boost)  
  81  6:58  Nexus  
  81  6:59  Probe  
  82  7:05  Adept x2  
  82  7:06  Adept  
  88  7:08  Protoss Ground Weapons Level 1 (Chrono Boost)  
  88  7:09  Probe  
  88  7:10  Probe  
  88  7:13  Gateway x2  
  88  7:35  Adept x3  
  94  7:37  Immortal, Probe  
  94  7:40  Gateway  
  94  7:43  Pylon  
  99  7:49  Probe  
  100  7:58  Probe  
  101  8:05  Sentry  
  101  8:06  Sentry x2  
  89  8:40  Adept x3  
  81  8:42  Probe  
  81  8:43  Probe  
  81  8:47  Templar Archives  
  83  8:49  Adept  
  83  8:50  Adept x2  
  83  8:51  Immortal x2  
  83  8:52  Probe  
  98  8:55  Probe  
  98  9:00  Gateway  
  98  9:01  Gateway  
  98  9:02  Gateway  
  99  9:03  Probe  
  99  9:06  Assimilator  
  99  9:07  Probe  
  101  9:10  Assimilator  
  101  9:13  Sentry x3, Probe  
  101  9:14  Adept x3  
  114  9:23  Probe  
Show
View Real Time Build Order
Export as new Build Order

Stephano Zerg - Winner!

Build Orders: Hatch First 

Get SALT Encoding   

  12  0:01  Drone  
  13  0:12  Overlord  
  13  0:18  Drone  
  14  0:31  Drone x2  
  14  0:35  Drone  
  17  0:52  Hatchery  
  17  0:54  Drone  
  17  0:57  Drone  
  18  1:08  Extractor  
  17  1:13  Spawning Pool  
  17  1:15  Drone  
  17  1:18  Drone  
  18  1:29  Drone  
  19  1:39  Drone  
  20  1:50  Overlord  
  20  2:00  Zergling x2  
  21  2:03  Queen  
  21  2:04  Queen  
  25  2:16  Hatchery  
  25  2:20  Metabolic Boost  
  24  2:23  Drone  
  24  2:26  Drone  
  24  2:29  Drone  
  27  2:32  Drone  
  27  2:34  Drone  
  29  2:37  Drone  
  30  2:44  Queen  
  31  2:51  Zergling x4  
  31  2:53  Drone  
  34  2:59  Drone  
  34  3:01  Overlord  
  35  3:19  Overlord  
  35  3:20  Drone x3  
  35  3:21  Drone x3  
  35  3:25  Drone  
  42  3:27  Queen  
  42  3:28  Overlord  
  42  3:29  Extractor  
  42  3:32  Evolution Chamber  
  42  3:35  Overlord  
  42  3:40  Zergling x4  
  44  3:46  Drone  
  44  3:47  Drone  
  46  3:49  Drone x2  
  46  3:51  Drone x2  
  46  3:52  Drone  
  51  3:56  Drone x2  
  51  4:02  Drone x3  
  56  4:08  Zerg Melee Weapons Level 1  
  56  4:13  Overlord  
  56  4:14  Drone x2  
  56  4:15  Drone  
  59  4:17  Baneling Nest  
  58  4:24  Zergling x8  
  58  4:25  Zergling x2  
  58  4:30  Queen  
  65  4:35  Zergling x4  
  65  4:36  Zergling x6  
  70  4:41  Zergling x6  
  73  4:47  Overlord  
  73  4:48  Zergling x2  
  73  4:49  Zergling x2  
  74  4:53  Drone x3  
  77  5:00  Drone x2  
  79  5:08  Zergling x2  
  79  5:09  Zergling x14  
  87  5:15  Lair  
  87  5:19  Extractor  
  86  5:23  Zergling x6  
  86  5:26  Baneling x11  
  89  5:30  Overlord  
  89  5:36  Overlord  
  89  5:38  Zergling x2, Spore Crawler  
  89  5:40  Overlord  
  88  5:56  Zergling x18  
  88  5:57  Zergling x2  
  91  5:59  Zergling x8  
  90  6:11  Zergling x8  
  85  6:23  Drone x2  
  85  6:25  Drone x3  
  89  6:32  Drone x4  
  94  6:33  Zerg Melee Weapons Level 2  
  94  6:37  Drone x2, Evolution Chamber  
  94  6:39  Drone  
  88  6:56  Drone x4  
  88  6:59  Drone x2  
  91  7:12  Zergling x6  
  91  7:13  Zergling x8  
  96  7:27  Drone x7  
  96  7:28  Zerg Ground Armor Level 1, Hatchery  
  96  7:29  Centrifical Hooks  
  101  7:41  Overlord  
  101  7:48  Zergling x4  
  101  7:49  Zergling x16  
  109  8:00  Spine Crawler x3  
  109  8:02  Zergling x6  
  108  8:08  Spine Crawler  
  101  8:15  Baneling  
  101  8:16  Zergling x2, Baneling x8  
  101  8:17  Zergling x20  
  102  8:22  Queen  
  88  8:35  Zergling x12  
  88  8:36  Zergling x2  
  88  8:42  Queen  
  88  8:44  Queen  
  88  8:46  Extractor  
  88  8:48  Zergling x10, Hatchery  
  95  8:49  Infestation Pit  
  93  9:01  Drone x2  
  93  9:02  Drone x2  
  96  9:08  Baneling  
  96  9:09  Baneling x6  
  96  9:10  Drone x2  
  96  9:11  Drone x3  
  96  9:12  Zergling x12  
  107  9:22  Baneling  
Tags
 
Add a new tag
Caveats
  • Supply blocks, unpowered buildings, or Contaminate may cause inaccurate times.
  • Supply counts are checked every 10 seconds.